 Dungeon Crawl Stone Soup version 0.30.0 (webtiles) character file.

Game seed: 5692492796873881965

23 jimonade the Shield-Bearer (level 3, 0/30 HPs)
             Began as a Formicid Fighter on May 6, 2023.
             Killed by divine providence
             ... invoked by an orc priest
              (16 damage)
             ... on level 2 of the Dungeon.
             The game lasted 00:00:54 (398 turns).

jimonade the Shield-Bearer (Formicid Fighter)        Turns: 398, Time: 00:00:54

Health: 0/30       AC:  6    Str: 20    XL:     3   Next: 10%
Magic:  3/3        EV:  9    Int:  9    God:
Gold:   12         SH:  5    Dex: 13    Spells: 2/2 levels left

rFire   . . .        a - +0 quarterstaff
rCold   . . .        c - +0 buckler
rNeg    . . .        b - +0 scale mail
rPois   .            (helmet unavailable)
rElec   .            g - scarf {shadows}
rCorr   .            (no gloves)
SInv    +            (no boots)
Will    .....        (no amulet) Stlth
                     (no ring)
HPRegen 0.25/turn    (no ring)
MPRegen 0.08/turn

%: no passive effects
@: no status effects
A: permanent stasis, dig shafts and tunnels, antennae 3, four strong arms
a: Dig, Shaft Self


You were on level 2 of the Dungeon.
You visited 1 branch of the dungeon, and saw 2 of its levels.

You collected 12 gold pieces.

Inventory:

Hand Weapons
 a - a +0 quarterstaff (weapon)
Armour
 b - a +0 scale mail (worn)
 c - a +0 buckler (worn)
 g - a scarf of shadows (worn)
Jewellery
 j - a ring of fire
Scrolls
 f - a scroll of vulnerability {unknown}
 h - a scroll of identify {unknown}
Potions
 d - a potion of might
 e - a potion of invisibility {unknown}
 i - a potion of mutation {unknown}
 k - a potion of haste {unknown}


   Skills:
 + Level 3.7 Fighting
 + Level 2.2 Staves
 + Level 3.4 Armour
 + Level 4.5 Shields


You had 2 spell levels left.
You didn't know any spells.
Your spell library was empty.

Dungeon Overview and Level Annotations

Branches:
Dungeon (2/15)

Altars:


Innate Abilities, Weirdness & Mutations

You cannot be hasted, slowed, berserked, paralysed or teleported.
You can dig through walls and to a lower floor.
You have a pair of large antennae on your head. (SInv)
Your four strong arms can wield two-handed weapons with a shield.


Message History

An endoplasm comes into view.
Found a viscous silvery potion.
You see here a ring of fire.
j - a ring of fire The endoplasm freezes you.
You are frozen.
You thump the endoplasm!
You kill the endoplasm!
No target in view!
No target in view!
Found 10 gold pieces.
k - a viscous silvery potion HP restored.
You sense a monster nearby.
Found a mace.
An orc wizard, 2 orcs and a kobold come into view.
The orc shouts!
The orc wizard shouts!
The orc shouts!
You hear a shout!
An orc priest comes into view. It is wielding a +0 flail.
The orc wizard gestures at you while chanting.
The puff of flame hits you!
The kobold throws a stone.
You block the stone. The orc wizard casts a spell at you.
You are confused.
The kobold throws a stone.
The stone completely misses you.
You bump into the rock wall.
The orc wizard mumbles some strange words.
The orc wizard flickers and vanishes for a moment.
You're too confused to move!
The orc hits you with a +0 dagger. The orc attacks as you move away!
The orc hits you but does no damage.
You feel less confused. The kobold closely misses you.
The orc hits you with a +0 dagger.
The orc priest attacks as you move away!
You block the orc priest's attack. You block the kobold's attack.
The orc priest attacks as you move away!
The orc priest hits you with a +0 flail.
The orc priest looks encouraged for a moment.
The orc priest mumbles some strange prayers to Beogh against you.
Beogh smites you!
Ouch! That really hurt!
You die...

### #.# ... #.# .....
##.#####......
#######.............
#.>@.Ko............. .
#..###o..o..........
...###..#..)..o.........#
........#.##.............
........##.............
.#.##..######..........
#......# #..........
#....###.# #..........
..#... .# ##........#


You could see an orc priest, an orc wizard (invisible), 2 orcs and a kobold.

Vanquished Creatures
  A dart slug (D:1)
  3 endoplasms
  A giant cockroach (D:1)
  A goblin (D:2)
  4 jackals (D:1)
  2 kobolds (D:1)
  2 ball pythons (D:1)
  2 bats (D:1)
  A frilled lizard (D:1)
  2 rats (D:1)
19 creatures vanquished.

Notes
Turn   | Place    | Note
-------+----------+-------------------------------------------
     0 | D:1      | jimonade the Formicid Fighter began the quest for the Orb.
     0 | D:1      | Reached XP level 1. HP: 18/18 MP: 1/1
    75 | D:1      | Reached XP level 2. HP: 24/24 MP: 2/2
   336 | D:1      | Reached XP level 3. HP: 28/30 MP: 3/3
   346 | D:1      | You fall into a shaft and drop 1 floor!
   398 | D:2      | Killed from afar by an orc priest

Illustrated notes

Levels and vault maps discovered:
D:1:      dpeg_arrival_signposts, layout_basic, shapermc_ecumenical_altar_venn,
          hangedman_feature_mirror
D:2:      layout_rooms, amethyst_killhole

Action                     || total
---------------------------++-------
  Melee: Quarterstaff      ||    41
 Armour: Scale mail        ||    20
  Dodge: Dodged            ||    25
  Block: Buckler           ||    13
